 Dungeon Crawl Stone Soup version 0.29.1-12-g30fa7ad0bf (webtiles) character file.

Game seed: 14647282952277074496

295 hawla the Chiller (level 6, 0/46 HPs)
             Began as a Meteoran Ice Elementalist on Jan 17, 2023.
             Succumbed to a scorpion's poison
             ... on level 4 of the Dungeon.
             The game lasted 00:02:18 (286 turns).

hawla the Chiller (Meteoran Ice Elementalist)        Turns: 286, Time: 00:02:18

Health: 0/46       AC:  2    Str:  9    XL:     6   Next: 93%
Magic:  7/12       EV: 12    Int: 19    God:
Gold:   80         SH:  0    Dex: 15    Spells: 4/12 levels left

rFire   . . .      SeeInvis .   (no weapon)
rCold   . . .      Faith    .   (no shield)
rNeg    . . .      Spirit   .   a - +0 robe
rPois   .          Reflect  .   (no helmet)
rElec   .          Harm     .   (no cloak)
rCorr   .          Rampage  .   (no gloves)
Will    .....                   (no boots)
Stlth   +.........              (no amulet)
HPRegen 0.15/turn               (no ring)
MPRegen 0.13/turn               (no ring)

@: lethally poisoned (0 -> -2), glowing
A: sense surroundings 1, otherworldly, glowing, explore regen
a: no special abilities


You were on level 4 of the Dungeon.
You visited 1 branch of the dungeon, and saw 4 of its levels.

You collected 80 gold pieces.

Inventory:

Armour
 a - a +0 robe (worn)


   Skills:
 + Level 0.3 Fighting
 + Level 2.6 Dodging
 - Level 1.4 Stealth
 + Level 3.9 Spellcasting
 + Level 5.3 Conjurations
 + Level 5.6 Ice Magic


You had 4 spell levels left.
You knew the following spells:

 Your Spells              Type           Power      Damage    Failure   Level
a - Freeze                Ice            100%       1d11      1%          1
b - Frozen Ramparts       Ice            50%        1d8       4%          3
c - Hailstorm             Conj/Ice       24%        3d7       14%         4

Your spell library contained the following spells:

 Spells                   Type           Power      Damage    Failure   Level
 Ozocubu's Armour         Ice            25%        N/A       4%          3


Dungeon Overview and Level Annotations

Branches:
Dungeon (4/15) Zot: 2114
 Temple: D:4-7

Altars:
Dithmenos


Innate Abilities, Weirdness & Mutations

You passively map a small area around you.
You are easily found by Zot.
You glow in the dark.
You regain HP and MP as you explore.


Message History

Casting: Hailstorm (quite dangerous; 22% risk of failure)
Press: ? - help, Dir - look around, f - activate A cannonade of hail descends around you!
The hail pelts Sigmund!
Sigmund is moderately wounded.
You feel sick.
Sigmund gestures wildly while chanting.
Sigmund flickers and vanishes!
The wall freezes something but does no damage.
Something hits you.
* * * LOW HITPOINT WARNING * * *
Unknown command.
Magic courses through your body.
You feel sick.
The wall freezes something.
Something hits you.
* * * LOW HITPOINT WARNING * * *
Unknown command.
Casting: Hailstorm (quite dangerous; 22% risk of failure)
Confirm with . or Enter, or press ? or * to list all spells.
You can't see any susceptible monsters within range! (Use Z to cast anyway.)
Casting: Hailstorm (quite dangerous; 22% risk of failure)
Confirm with . or Enter, or press ? or * to list all spells.
The spell is quite dangerous to miscast (22% risk of failure)!
Continue anyway?
Casting: Hailstorm (quite dangerous; 22% risk of failure)
Press: ? - help, Dir - look around, f - activate A cannonade of hail descends around you!
The hail pelts something!
* * * LOW HITPOINT WARNING * * *
You feel sick.
The wall freezes something.
Reactivating autopickup.
You feel a bit more experienced.
The wall freezes something.
Something hits you.
* * * LOW HITPOINT WARNING * * *
Deactivating autopickup; reactivate with Ctrl-A.
Training target 5.3 for Conjurations reached!
Your Conjurations skill gained 2 levels and is now at level 5!
You need to enable at least one skill for training.
You have reached level 6!
You feel agile.
You miss something.
The frozen ramparts melt away.
You die...

#.# #.######.##.#
##### #.# #.##
#.##.# #.# #..#
#.##.# #.# ##.##
#.##># #.# #...##
#.##.# **
#.#*#.###.###.##.#
*** #^##.#
##.##.##.# #....
#.......# , , ##.#
* *#@###.#.. * #.#
* #.)# #.# ...))*
* * ..,........, ,
##........ * *
#.?.#.#.## *
......#.# *
,.......#.# , , *
,,, ,


There were no monsters in sight!

Vanquished Creatures
  Sigmund (D:4)
  A scorpion (D:4)
  An orc priest (D:4)
  An orc wizard (D:4)
  An adder (D:2)
  5 orcs (D:4)
  2 bats (D:3)
  2 goblins (D:3)
  A kobold (D:2)
  A quokka (D:3)
  A frilled lizard (D:1)
17 creatures vanquished.

Notes
Turn   | Place    | Note
-------+----------+-------------------------------------------
     0 | D:1      | hawla the Meteoran Ice Elementalist began the quest for the
                  | Orb.
     0 | D:1      | Reached XP level 1. HP: 14/14 MP: 5/5
    44 | D:2      | Reached XP level 2. HP: 19/20 MP: 3/6
   107 | D:3      | Found a shadowy altar of Dithmenos.
   151 | D:3      | Reached XP level 3. HP: 22/26 MP: 5/8
   155 | D:3      | Learned a level 3 spell: Frozen Ramparts
   207 | D:4      | Reached skill level 5 in Ice Magic
   214 | D:4      | Reached XP level 4. HP: 17/33 MP: 2/10
   219 | D:4      | Learned a level 4 spell: Hailstorm
   276 | D:4      | Noticed a scorpion
   282 | D:4      | Reached XP level 5. HP: 12/38 MP: 6/11
   282 | D:4      | Noticed Sigmund
   285 | D:4      | Killed Sigmund
   285 | D:4      | HP: 1/38 [something (3)]
   286 | D:4      | Reached skill level 5 in Conjurations
   286 | D:4      | Reached XP level 6. HP: 1/46 MP: 7/12
   286 | D:4      | Succumbed to a scorpion's poison

Illustrated notes

Levels and vault maps discovered:
D:1:      giann_bridges, layout_basic, shapermc_ecumenical_altar_notcrosses,
          hangedman_decor_slide_cut, hex_medium, minmay_misc_feat_diagonals
D:2:      layout_basic, columned_hall_lemuel, minmay_distorted
D:3:      layout_basic, amcnicky_altar_gilded, uniq_crazy_yiuf_cottage
D:4:      layout_loops_ring, minmay_temple_entry_slanted, minmay_misc_feat_x,
          minmay_door_square, uniq_menkaure, uniq_sigmund

Skill      XL: |  1  2  3  4  5 |
---------------+----------------+-----
Spellcasting   | 3 |  3.9
Ice Magic      | 5 |  5.6
Conjurations   | 2 5 |  5.3
Fighting       | |  0.3
Dodging        | |  2.6
Stealth        | |  1.4

Action                   |  1- 3 |  4- 6 || total
-------------------------+-------+-------++-------
Melee: Unarmed           |       |     1 ||     1
 Cast: Freeze            |    12 |     2 ||    14
       Frozen Ramparts   |     2 |     1 ||     3
       Hailstorm         |       |     2 ||     2
  Use: Scroll            |     1 |       ||     1
       Potion            |       |     1 ||     1
Armor: Robe              |     2 |     1 ||     3
Dodge: Dodged            |     5 |       ||     5
